Map: [ESL] Alcyone

Players

ShaDoWn

  • Race: Protoss Protoss
  • Spawn Location: 1:00

Solar - Winner!

  • Race: Zerg Zerg
  • Spawn Location: 7:00

Event: ESL Spring 2024 Finals

VOD

Have the link to the VOD?

Description

Time

  • Played on: May 31, 2024, 3:11 p.m.
  • Length: 13:18

All games in this series

Show
View Real Time Build Order
Export as new Build Order

ShaDoWn Protoss 

Build Orders: 1 Gate Expand, Oracle Opening 

Get SALT Encoding   

  12  0:00  Probe  
  13  0:14  Pylon  
  13  0:17  Probe (Chrono Boost)  
  14  0:27  Probe (Chrono Boost)  
  15  0:32  Probe (Chrono Boost)  
  16  0:38  Gateway  
  16  0:44  Probe  
  16  0:49  Assimilator  
  17  0:56  Probe  
  18  1:08  Probe  
  19  1:20  Probe  
  20  1:27  Nexus  
  20  1:36  Cybernetics Core  
  20  1:39  Probe  
  21  1:45  Assimilator  
  21  1:51  Probe  
  22  1:54  Pylon  
  22  2:03  Probe (Chrono Boost)  
  23  2:09  Adept (Chrono Boost)  
  26  2:15  Probe (Chrono Boost)  
  26  2:18  Stargate  
  26  2:23  Probe (Chrono Boost)  
  26  2:26  Warp Gate  
  27  2:31  Probe (Chrono Boost)  
  27  2:36  Stalker  
  30  2:38  Probe (Chrono Boost)  
  32  2:48  Probe x2 (Chrono Boost)  
  33  2:53  Probe (Chrono Boost)  
  33  2:54  Probe  
  35  3:01  Oracle (Chrono Boost)  
  35  3:05  Probe  
  39  3:06  Probe  
  39  3:12  Pylon  
  40  3:13  Adept  
  40  3:17  Probe  
  40  3:18  Probe  
  44  3:29  Probe  
  44  3:30  Probe  
  46  3:36  Oracle (Chrono Boost)  
  46  3:41  Nexus  
  49  3:42  Probe  
  49  3:47  Probe  
  51  3:49  Pylon  
  51  3:59  Probe  
  51  4:00  Probe  
  51  4:01  Assimilator  
  53  4:02  Assimilator  
  53  4:05  Oracle (Chrono Boost)  
  53  4:06  Gateway  
  56  4:12  Probe  
  56  4:13  Probe  
  56  4:16  Pylon  
  58  4:24  Adept, Probe  
  59  4:27  Probe  
  59  4:28  Pylon  
  62  4:38  Probe  
  61  4:39  Probe  
  58  4:47  Pylon  
  58  4:50  Probe  
  58  4:51  Twilight Council, Probe  
  60  4:53  Forge, Probe  
  61  5:00  Adept  
  61  5:01  Adept  
  61  5:02  Probe  
  61  5:04  Probe  
  61  5:05  Probe  
  67  5:14  Probe  
  67  5:15  Protoss Ground Weapons Level 1 (Chrono Boost)  
  67  5:16  Blink (Chrono Boost), Probe  
  67  5:17  Pylon  
  67  5:18  Probe  
  69  5:26  Probe  
  69  5:28  Probe  
  68  5:31  Probe (Chrono Boost)  
  69  5:35  Stalker  
  69  5:36  Gateway  
  69  5:38  Shield Battery, Gateway  
  69  5:41  Probe (Chrono Boost)  
  73  5:48  Probe (Chrono Boost)  
  74  5:50  Probe (Chrono Boost)  
  74  5:51  Probe (Chrono Boost)  
  74  5:55  Probe (Chrono Boost)  
  74  5:56  Probe (Chrono Boost)  
  76  5:57  Probe  
  76  5:58  Stalker  
  76  6:00  Stalker  
  82  6:08  Probe x2  
  82  6:10  Pylon  
  84  6:11  Gateway  
  84  6:14  Probe  
  84  6:15  Assimilator, Gateway  
  84  6:16  Assimilator  
  84  6:17  Templar Archives  
  83  6:23  Probe  
  82  6:26  Probe  
  82  6:29  Probe  
  82  6:31  Stalker x3  
  90  6:34  Photon Cannon  
  90  6:35  Probe  
  90  6:38  Stalker, Psionic Storm  
  93  6:48  Nexus  
  93  6:49  Probe, Pylon  
  94  6:54  High Templar x2  
  94  6:58  High Templar  
  94  7:00  Photon Cannon  
  100  7:03  Stalker  
  100  7:06  Probe  
  103  7:12  Nexus, Probe  
  103  7:13  Shield Battery  
  103  7:15  Probe, Photon Cannon  
  104  7:20  High Templar x2, Probe  
  110  7:23  Photon Cannon  
  110  7:26  Probe  
  110  7:28  Photon Cannon  
  111  7:31  Probe  
  111  7:34  Assimilator  
  113  7:37  Shield Battery, Probe  
  113  7:38  Probe  
  113  7:41  Protoss Ground Weapons Level 2 (Chrono Boost)  
  113  7:43  Assimilator, Robotics Facility  
  113  7:44  Probe  
  115  7:45  Robotics Facility  
  115  7:53  Probe  
  115  7:54  Pylon  
  116  7:59  Pylon  
  116  8:07  Pylon  
  116  8:09  Photon Cannon  
  117  8:16  Stalker x4  
  117  8:18  Stalker, Photon Cannon  
  117  8:19  Stalker  
  128  8:24  Photon Cannon  
  128  8:26  Shield Battery  
  128  8:29  Photon Cannon  
  128  8:33  Phoenix (Chrono Boost)  
  128  8:39  Gateway  
  128  8:40  Stalker x4  
  138  8:47  Stalker x2  
  142  8:56  Photon Cannon  
  141  9:08  Archon  
  141  9:09  Stalker x4  
  144  9:10  Stalker x2  
  148  9:29  Pylon x2  
  148  9:34  Probe  
  137  9:40  Stalker x5  
  147  9:51  Phoenix (Chrono Boost)  
  149  9:53  Fleet Beacon  
  149  9:56  Stargate  
  149  9:57  Stargate  
  149  9:58  Stalker  
  148  10:11  Phoenix (Chrono Boost)  
  148  10:12  Stalker x5  
  148  10:13  Stalker  
  160  10:16  Probe  
  161  10:26  Pylon  
  161  10:28  Pylon  
  161  10:29  Cybernetics Core, Pylon  
  161  10:40  High Templar  
  161  10:41  High Templar x5  
  146  10:51  Phoenix x2  
  146  10:52  Probe x2  
  146  10:53  Probe x2  
  146  10:55  Archon  
  145  11:04  Probe x2  
  145  11:05  Probe  
  145  11:06  Phoenix (Chrono Boost), Probe  
  150  11:16  Probe x2  
  150  11:18  Probe  
  159  11:31  Nexus  
  159  11:32  Zealot x4  
  156  11:33  Zealot x2  
  156  11:36  Probe  
  156  11:38  Zealot  
  152  11:41  Probe  
  152  11:42  Probe  
  152  11:45  Probe  
  148  11:51  Probe  
  141  11:54  Stalker x2  
  141  11:55  Stalker x2  
  135  12:09  Pylon  
  135  12:13  High Templar x2  
  138  12:19  Phoenix (Chrono Boost)  
  134  12:23  Pylon  
  134  12:31  Phoenix (Chrono Boost)  
  134  12:35  High Templar x3  
  134  12:36  High Templar  
  144  12:39  Probe x2  
  144  12:41  Probe x2  
  144  12:43  Archon  
  133  12:44  Archon  
  133  12:46  Probe  
  133  12:51  Probe x2  
  133  12:53  Probe x2  
  127  12:58  Probe  
  127  13:03  Probe  
  112  13:08  Stalker x3  
Show
View Real Time Build Order
Export as new Build Order

Solar Zerg - Winner!

Build Orders: Hatch First 

Get SALT Encoding   

  12  0:00  Drone  
  13  0:12  Overlord  
  13  0:17  Drone  
  14  0:40  Hatchery  
  13  0:44  Drone  
  13  0:46  Drone  
  15  0:51  Drone  
  15  0:56  Drone  
  17  1:06  Drone  
  17  1:11  Extractor  
  17  1:17  Spawning Pool  
  16  1:19  Drone  
  17  1:27  Drone  
  18  1:38  Drone  
  19  1:49  Drone  
  19  1:52  Drone  
  21  1:59  Overlord  
  21  2:03  Queen x2  
  21  2:04  Zergling x2  
  26  2:10  Zergling x2  
  26  2:14  Drone  
  28  2:20  Metabolic Boost  
  28  2:21  Drone  
  29  2:24  Drone  
  30  2:31  Drone  
  31  2:39  Hatchery  
  31  2:42  Drone  
  31  2:49  Queen  
  33  2:52  Overlord  
  33  2:56  Drone  
  33  2:57  Drone  
  35  2:58  Drone  
  36  3:09  Queen  
  36  3:11  Drone x2  
  40  3:13  Drone x2  
  40  3:17  Overlord  
  42  3:25  Queen  
  44  3:30  Overlord  
  44  3:36  Drone  
  44  3:37  Drone  
  44  3:38  Drone  
  44  3:40  Drone  
  44  3:41  Drone  
  49  3:46  Zergling x6  
  49  3:48  Queen  
  54  3:49  Overlord  
  54  3:52  Queen  
  56  3:57  Spore Crawler  
  56  4:01  Drone x3  
  58  4:04  Overlord  
  58  4:08  Drone x2  
  60  4:10  Spore Crawler, Drone  
  60  4:13  Drone  
  61  4:18  Evolution Chamber  
  61  4:19  Drone x3  
  61  4:23  Zergling x4  
  65  4:24  Zergling x2  
  65  4:25  Zergling x2  
  65  4:27  Zergling x2  
  67  4:33  Zergling x4  
  67  4:36  Spore Crawler, Extractor  
  63  4:39  Spore Crawler  
  63  4:42  Drone x2  
  65  4:46  Drone x4  
  65  4:49  Drone  
  68  4:53  Zerg Melee Weapons Level 1  
  68  4:57  Drone x4  
  72  5:04  Queen  
  72  5:06  Overlord  
  74  5:07  Overlord  
  74  5:11  Overlord  
  74  5:14  Overlord  
  72  5:16  Drone, Overlord  
  72  5:20  Lair  
  71  5:23  Drone  
  71  5:24  Drone x2  
  71  5:25  Drone x2  
  71  5:28  Spore Crawler, Drone  
  73  5:30  Drone  
  73  5:32  Drone  
  73  5:33  Extractor  
  73  5:34  Drone  
  73  5:35  Drone x2  
  77  5:37  Drone  
  77  5:39  Drone x2  
  80  5:43  Drone x3  
  80  5:45  Extractor  
  80  5:47  Extractor  
  81  5:51  Hatchery  
  81  5:52  Zergling x4  
  81  5:54  Zergling x2  
  81  5:55  Zergling x2  
  84  5:59  Zergling x2  
  84  6:01  Extractor  
  84  6:04  Evolution Chamber  
  84  6:05  Zergling x2  
  84  6:06  Zergling x4  
  84  6:09  Drone x4  
  84  6:11  Zergling x8  
  92  6:17  Drone  
  94  6:20  Drone  
  94  6:22  Drone  
  94  6:23  Drone  
  94  6:24  Extractor  
  92  6:26  Drone x3  
  92  6:28  Drone  
  92  6:29  Drone x2  
  95  6:34  Drone  
  95  6:35  Spire  
  95  6:37  Drone  
  95  6:39  Drone x5  
  100  6:47  Extractor  
  100  6:49  Overlord  
  100  6:50  Zergling x4  
  100  6:52  Drone x2, Extractor  
  100  6:53  Zergling x2  
  103  6:59  Overseer  
  103  7:00  Zergling x6  
  103  7:01  Zergling x2  
  107  7:02  Overseer  
  107  7:03  Drone x3  
  109  7:09  Overlord  
  109  7:12  Spore Crawler  
  108  7:31  Overlord x2  
  107  7:37  Drone  
  107  7:39  Drone  
  107  7:43  Drone  
  109  7:47  Mutalisk  
  109  7:48  Mutalisk x10  
  109  7:50  Zerg Flyer Weapons Level 1  
  109  7:51  Drone  
  132  7:52  Drone  
  132  7:54  Drone, Hatchery  
  132  7:56  Mutalisk  
  132  7:57  Overlord  
  135  8:00  Zergling x18  
  143  8:07  Drone  
  143  8:08  Mutalisk x3  
  143  8:10  Overlord  
  143  8:12  Overlord  
  150  8:15  Overlord  
  150  8:26  Mutalisk x4  
  150  8:28  Overlord  
  150  8:31  Mutalisk  
  160  8:40  Mutalisk x2  
  162  8:47  Mutalisk  
  164  8:49  Zergling x30  
  164  8:53  Overlord  
  179  8:55  Extractor  
  179  8:56  Extractor  
  179  9:00  Mutalisk x3  
  181  9:09  Mutalisk x2  
  185  9:11  Zergling x14  
  185  9:14  Overlord  
  190  9:17  Mutalisk x2  
  190  9:22  Mutalisk  
  194  9:25  Zergling x10  
  197  9:36  Mutalisk x3  
  197  9:38  Zergling x14  
  179  9:40  Mutalisk  
  179  9:46  Zergling x6  
  179  9:48  Mutalisk  
  183  9:53  Mutalisk x2  
  183  9:54  Zergling x2  
  183  9:55  Zergling x10  
  190  10:09  Hatchery, Mutalisk x4  
  195  10:17  Mutalisk x3  
  188  10:24  Zerg Melee Weapons Level 2  
  186  10:31  Mutalisk x2  
  188  10:36  Mutalisk  
  188  10:40  Zergling x38  
  189  10:47  Mutalisk x3  
  189  10:48  Unknown  
  187  10:50  Zergling x12  
  187  10:56  Corruptor x2  
  184  10:59  Mutalisk  
  184  11:01  Zergling x8  
  188  11:08  Baneling Nest, Mutalisk x2  
  188  11:10  Zergling x2  
  188  11:11  Zergling x2  
  193  11:13  Drone x2  
  193  11:18  Mutalisk x2  
  194  11:22  Drone  
  197  11:33  Mutalisk  
  197  11:37  Mutalisk x3  
  195  11:43  Mutalisk x4  
  198  11:48  Zergling x10  
  183  11:56  Mutalisk x4  
  183  11:58  Mutalisk  
  191  12:01  Zergling x2  
  191  12:02  Zergling x16  
  199  12:27  Zergling x2  
  199  12:28  Zergling x2  
  194  12:37  Mutalisk  
  194  12:38  Mutalisk x3  
  194  12:41  Mutalisk x2  
  200  12:45  Mutalisk  
  200  12:53  Mutalisk  
  200  12:54  Mutalisk  
  200  12:56  Zergling x2  
Tags
 
Add a new tag
Caveats
  • Supply blocks, unpowered buildings, or Contaminate may cause inaccurate times.
  • Supply counts are checked every 10 seconds.